[Event "Live Chess"]
[Site "Chess.com"]
[Date "2024.06.01"]
[Round "-"]
[White "GwaryTek"]
[Black "Bradfield133"]
[Result "0-1"]
[WhiteElo "1899"]
[BlackElo "2039"]
[TimeControl "300"]
[EndTime "9:57:36 PDT"]
[Termination "Bradfield133 won on time"]

1. d4 d6 2. c4 f5 3. Nc3 Nf6 4. Nf3 c6 5. h3 Qc7 6. Bg5 Nbd7 7. g4 fxg4 8. hxg4 Nxg4 9. Qc2 Ngf6 10. Bh3 g6 11.
Be6 Bg7 12. O-O-O Nf8 13. Bxc8 Qxc8 14. e4 Qg4 15. Qd3 O-O-O 16. Rh4 Qd7 17. Qc2 Ne6 18. e5 Nh5 19. Be3 Rhf8 20. Ne1 Kb8 21. d5 Nef4 22.
e6 Qe8 23. Qe4 Bxc3 24. bxc3 g5 25. Rh1 cxd5 26. cxd5 Qb5 27. c4 Rc8 28. Rd2 Rxc4+ 29. Qxc4 Qxc4+ 30. Rc2 Qxd5 31. Bxf4 gxf4 32. Rg1 Rc8 33.
Rxc8+ Kxc8 34. Rg8+ Kc7 0-1

[Event "Live Chess"]
[Site "Chess.com"]
[Date "2024.06.01"]
[Round "-"]
[White "nitrofish07"]
[Black "powerchs"]
[Result "1-0"]
[WhiteElo "2152"]
[BlackElo "1233"]
[TimeControl "300"]
[EndTime "9:57:40 PDT"]
[Termination "nitrofish07 won by checkmate"]

1. e4 c5 2. Nf3 d6 3. d4 cxd4 4. Nxd4 Nf6 5. Nc3 a6 6. Rg1 e5 7.
Nb3 Nc6 8. g4 h6 9. h4 b5 10. g5 hxg5 11. hxg5 Nd7 12. Be3 Nb6 13. a4 b4 14. Nd5 Nxd5 15. exd5 Ne7 16. Qf3 Nf5 17.
O-O-O Bd7 18. Bd3 Nxe3 19. fxe3 Bxa4 20. Rdf1 Qe7 21. g6 f6 22. Bf5 Bxb3 23. cxb3 Rc8+ 24.
Bxc8 Qc7+ 25. Kb1 Qxc8 26. Rc1 Qb7 27. Qf5 Be7 28. Rc8+ Bd8 29. Rgc1 Qxd5 30. Rxd8+ Kxd8 31. Qc8+ Ke7 32. Rc7# 1-0

[Event "Live Chess"]
[Site "Chess.com"]
[Date "2024.06.01"]
[Round "-"]
[White "Dhaydon19"]
[Black "A3ndrey9"]
[Result "1-0"]
[WhiteElo "2700"]
[BlackElo "1273"]
[TimeControl "300"]
[EndTime "9:57:40 PDT"]
[Termination "Dhaydon19 won by resignation"]

1. d4 c6 2. Nf3 d5 3. g3 Nf6 4.
Bg2 Bf5 5. c3 e6 6. O-O Be7 7.
Nbd2 O-O 8. Re1 Nbd7 9. Nh4 Be4 10. f3 Bg6 11. Nxg6 hxg6 12. e4 dxe4 13. fxe4 c5 14. e5 Nd5 15. Nb3 a5 16. a4 cxd4 17. Nxd4 Bc5 18. Kh1 N7b6 19. Nb5 Nc4 20. Qe2 Nde3 21. Bxb7 Rb8 22. Be4 Qb6 23. b3 Nxe5 24. Bxe3 Bxe3 25. Qxe3 Qxe3 26. Rxe3 Ng4 27. Re2 f5 28. Bf3 Nf6 29. Rxe6 Rfe8 30. Rae1 Rxe6 31. Rxe6 Rd8 32. Rd6 Rxd6 33.
Nxd6 1-0

[Event "Live Chess"]
[Site "Chess.com"]
[Date "2024.06.01"]
[Round "-"]
[White "CheckThis4"]
[Black "willc-h99"]
[Result "1-0"]
[WhiteElo "2690"]
[BlackElo "2653"]
[TimeControl "300"]
[EndTime "9:57:47 PDT"]
[Termination "CheckThis4 won on time"]

1. e4 c6 2. c4 d5 3. cxd5 cxd5 4.
exd5 Nf6 5. Nc3 Nxd5 6. Nf3 e6 7. d4 Nc6 8. Bd3 Be7 9. O-O Bf6 10. Re1 O-O 11. Be4 b6 12. Qd3 g6 13. Bh6 Bg7 14.
Bxg7 Kxg7 15. Bxd5 exd5 16. Ne5 Nb4 17. Qd2 f6 18.
Nd3 Nxd3 19. Qxd3 Qd6 20. Nb5 Ba6 21. Nxd6 Bxd3 22. Re7+ Kg8 23. Rc1 Rad8 24. Rcc7 g5 25. Nf7 Rde8 26. Nh6+ Kh8 27. g4 a5 28. f3 Bg6 29. Kf2 Rxe7 30. Rxe7 Rc8 31. Nf5 Rc2+ 32. Kg3 Rxb2 33. Rd7 Bxf5 34. gxf5 Rxa2 35. Rxd5 Rd2 36. Rd6 b5 37. Rxf6 Rxd4 38. Rb6 Rd5 39. f6 Kg8 40. Rb7 a4 41. f4 a3 42. fxg5 a2 43. Ra7 Rxg5+ 44.
Kf4 Rg2 45. Kf5 b4 46. Ke6 Re2+ 47. Kf5 b3 48. Ra8+ Kf7 49. Ra7+ Kf8 50. f7 Re7 51. Ra3 Kxf7 52. Kg5 Rb7 53. Kh6 b2 54. Rf3+ Kg8 55. Rg3+ Kh8 56. Rf3 Rb8 57. Rf8+ Rxf8 58. h4 Rf5 59. h5 1-0

[Event "Live Chess"]
[Site "Chess.com"]
[Date "2024.06.01"]
[Round "-"]
[White "gmnorfolk"]
[Black "Bob2pen"]
[Result "1/2-1/2"]
[WhiteElo "2087"]
[BlackElo "1822"]
[TimeControl "300"]
[EndTime "9:57:55 PDT"]
[Termination "Game drawn by repetition"]

1. c4 e5 2. Nc3 Nf6 3. Nf3 Nc6 4. g3 d5 5. cxd5 Nxd5 6. Bg2 Nb6 7. O-O Be7 8. b3 O-O 9. Bb2 Bf5 10. Rc1 Rc8 11.
Nb5 a6 12. Rxc6 axb5 13. Rxb6 cxb6 14. Nxe5 Bf6 15. f4 Rc2 16. Ba3 Rxd2 17. Qe1 Re8 18. e4 Bd7 19. Nxd7 Qxd7 20. e5 Be7 21. Bc1 Bc5+ 22.
Kh1 Rxa2 23. f5 Qd4 24. Bf4 Rf2 25. Rxf2 Qxf2 26. Qxf2 Bxf2 27. Bxb7 Rd8 28. Bc6 b4 29. e6 fxe6 30. fxe6 Bc5 31. Bg5 Rd1+ 32. Kg2 Kf8 33. Bb5 Be7 34. Bf4 Bf6 35. h4 Ke7 36. Bc4 h6 37.
Be3 Bd4 38. Be2 Re1 39. Kf2 Rxe2+ 40. Kxe2 Bxe3 41. Kxe3 Kxe6 42. Ke4 g5 43. hxg5 hxg5 44. g4 b5 45. Kd4 Kd6 46. Ke4 Ke6 47. Kd4 Kd6 48. Ke4 Ke6 1/2-1/2

[Event "Live Chess"]
[Site "Chess.com"]
[Date "2024.06.01"]
[Round "-"]
[White "PatientChessPapa"]
[Black "Frankie_Badacsonyi"]
[Result "0-1"]
[WhiteElo "805"]
[BlackElo "2448"]
[TimeControl "300"]
[EndTime "9:58:11 PDT"]
[Termination "Frankie_Badacsonyi won by resignation"]

1. e4 g6 2. d4 Bg7 3. Nc3 c6 4. f4 d5 5. exd5 cxd5 6. Nf3 Nc6 7. Be3 Bg4 8. h3 Bxf3 9. Qxf3 e6 10. Bb5 Ne7 11.
O-O O-O 12. Rad1 Qb6 13. Na4 Qxb5 14. Nc5 Nf5 15. a4 Qa5 16. b4 Qc7 17. c3 b6 18.
Nd3 Nxe3 19. Qxe3 Ne7 20. Ne5 Nf5 21. Qf2 Qxc3 22. Rc1 Qxd4 23. Rc7 Bxe5 24. fxe5 Qxf2+ 25. Rxf2 d4 26. Rd7 Rfd8 27. Rxd8+ Rxd8 28. g4 d3 29. Rd2 Nd4 30. Kf2 Nb3 31. Rd1 d2 32. Ke3 g5 33.
b5 Kg7 34. Rb1 d1=Q 35. Rxd1 Rxd1 0-1

[Event "Live Chess"]
[Site "Chess.com"]
[Date "2024.06.01"]
[Round "-"]
[White "Isambard_Thomas"]
[Black "DukeBG"]
[Result "1-0"]
[WhiteElo "2137"]
[BlackElo "477"]
[TimeControl "300"]
[EndTime "9:58:14 PDT"]
[Termination "Isambard_Thomas won on time"]

1. d4 d5 2. Nf3 Nf6 3. Bg5 Nc6 4. e3 Bd7 5. c3 g6 6. Bd3 Bg7 7. Nbd2 O-O 8. Qe2 Bf5 9. Bxf5 gxf5 10. O-O-O Re8 11. Bf4 Nh5 12. Be5 Nxe5 13. Nxe5 Nf6 14. g4 Rc8 15. gxf5 c5 16. dxc5 Rxc5 17. Rdg1 Ne4 18.
Qg4 1-0

[Event "Live Chess"]
[Site "Chess.com"]
[Date "2024.06.01"]
[Round "-"]
[White "MellowAesthetic"]
[Black "McFim"]
[Result "1-0"]
[WhiteElo "2068"]
[BlackElo "1580"]
[TimeControl "300"]
[EndTime "9:58:20 PDT"]
[Termination "MellowAesthetic won by resignation"]

1. e4 c6 2. d4 d5 3. exd5 cxd5 4. c4 Nf6 5. Nc3 e6 6. Nf3 Be7 7. c5 O-O 8. Rb1 a5 9. a3 Nc6 10. Bb5 Nd7 11. O-O Bf6 12. Re1 Qc7 13. b4 axb4 14.
axb4 Ndb8 15. Bd3 g6 16. Bh6 Bg7 17. Bxg7 Kxg7 18. Nb5 Qd8 19. Nd6 Nd7 20. b5 Ne7 21. Qd2 h6 22. Ra1 Rxa1 23. Rxa1 Nf6 24. Ra8 Qc7 25. b6 Qd7 26. Ne5 Qd8 27. Nxb7 Qe8 28. Nd6 Qd8 29. b7 Nd7 30. bxc8=Q Nxc8 31. Rxc8 Qe7 32. Rxf8 Nxf8 33. Nexf7 1-0

[Event "Live Chess"]
[Site "Chess.com"]
[Date "2024.06.01"]
[Round "-"]
[White "Mangoalo"]
[Black "NottheBishopSacrifice"]
[Result "0-1"]
[WhiteElo "988"]
[BlackElo "2162"]
[TimeControl "300"]
[EndTime "9:58:24 PDT"]
[Termination "NottheBishopSacrifice won by checkmate"]

1. e4 c6 2. Nf3 d5 3. exd5 cxd5 4. d4 Nc6 5. Bf4 Bg4 6. c3 e6 7. Nbd2 Bd6 8. Be5 Nxe5 9. dxe5 Bc7 10. h3 Bh5 11.
Bb5+ Kf8 12. O-O Ne7 13. Be2 Nc6 14. Qc2 Bxf3 15. Nxf3 Nxe5 16. Nxe5 Bxe5 17. Bh5 g6 18. Bxg6 hxg6 19. Rfe1 Bd6 20. Re3 Qg5 21. Qe2 Qf4 22. g3 Qf5 23. g4 Qf4 24. f3 Qg3+ 25. Qg2 Qf4 26. Rae1 Bc5 27. Kf2 Bxe3+ 28. Rxe3 d4 29.
Re4 Qd2+ 30. Kg3 Qd3 31. cxd4 Rd8 32. Qf2 Kg7 33. h4 Qd1 34. h5 Qh1 35. hxg6 Rh3+ 36.
Kf4 Qc1+ 37. Re3 Rxd4+ 38. Ke5 Rd5+ 39. Kf4 e5+ 40. Ke4 Qc4+ 41. Kf5 Qf4# 0-1

[Event "Live Chess"]
[Site "Chess.com"]
[Date "2024.06.01"]
[Round "-"]
[White "Kyrylo7770"]
[Black "Ksenia_2013"]
[Result "1-0"]
[WhiteElo "1710"]
[BlackElo "720"]
[TimeControl "300"]
[EndTime "9:58:26 PDT"]
[Termination "Kyrylo7770 won by checkmate"]

1. d4 d5 2. Nf3 Nc6 3. Bf4 Nf6 4. e3 Bf5 5. Bd3 Ne4 6. c3 g6 7. Bxe4 Bxe4 8. Nbd2 Bg7 9. Nxe4 dxe4 10. Nd2 Qd5 11.
c4 Qe6 12. d5 Qf5 13. dxc6 bxc6 14. Bxc7 O-O 15. Bf4 Bxb2 16. Rb1 Bc3 17. Qc2 Bf6 18. O-O Be5 19. Bxe5 Qxe5 20. Nxe4 f5 21. Ng5 Qf6 22.
Nf3 f4 23. e4 g5 24. e5 Qh6 25. c5 Qh5 26. Qc4+ Rf7 27. Qe6 Rf8 28. Rb7 Kh8 29. Rxa7 Rg7 30. Rxe7 Rg6 31. Qh3 Qxh3 32. gxh3 g4 33.
Nh4 gxh3+ 34. Nxg6+ Kg8 35. Nxf8 Kxf8 36. Rxh7 Kg8 37.
Ra7 f3 38. Rb1 Kf8 39. Rb8# 1-0

[Event "Live Chess"]
[Site "Chess.com"]
[Date "2024.06.01"]
[Round "-"]
[White "Brooms1989"]
[Black "booktrunk"]
[Result "0-1"]
[WhiteElo "1067"]
[BlackElo "1390"]
[TimeControl "300"]
[EndTime "9:58:44 PDT"]
[Termination "booktrunk won by resignation"]

1. e4 b6 2. d4 Bb7 3. Nc3 e6 4. Bd3 Bb4 5. a3 Bxc3+ 6. bxc3 Nf6 7. f3 d6 8. Ne2 Nbd7 9. O-O e5 10. d5 c6 11. c4 cxd5 12. cxd5 Nc5 13. c4 Nxd3 14. Qxd3 O-O 15. Bg5 h6 16. Bh4 g5 17. Bxg5 hxg5 18.
Ng3 Nh7 19. Nf5 Qf6 20. Kh1 Rac8 21. Rac1 Ba6 22. Qb3 Rc5 23. a4 Rfc8 0-1

[Event "Live Chess"]
[Site "Chess.com"]
[Date "2024.06.01"]
[Round "-"]
[White "Cruiseylee78"]
[Black "bill77678"]
[Result "0-1"]
[WhiteElo "1652"]
[BlackElo "1806"]
[TimeControl "300"]
[EndTime "9:58:50 PDT"]
[Termination "bill77678 won by resignation"]

1. d3 d5 2. Nd2 c5 3. e3 e5 4.
e4 d4 5. Ngf3 Nc6 6. h3 Bd6 7. Be2 Nge7 8. c3 O-O 9. Qc2 f5 10. Nf1 fxe4 11. dxe4 Qa5 12. Bc4+ Kh8 13. g4 dxc3 14. bxc3 Nd4 15. Nxd4 exd4 16. Bd2 Qc7 17. cxd4 cxd4 18. Qd3 Nc6 19. Ng3 Ne5 20. Qc2 Qxc4 21. Qxc4 Nxc4 22. Rc1 Be6 23. Nf5 Nxd2 24. Kxd2 Bf4+ 0-1

[Event "Live Chess"]
[Site "Chess.com"]
[Date "2024.06.01"]
[Round "-"]
[White "CennyddB"]
[Black "NeilDruggan73"]
[Result "0-1"]
[WhiteElo "1133"]
[BlackElo "1748"]
[TimeControl "300"]
[EndTime "9:58:52 PDT"]
[Termination "NeilDruggan73 won by resignation"]

1. d4 Nf6 2. Nf3 g6 3. g3 Bg7 4.
Bg2 d5 5. O-O c6 6. b3 Bg4 7.
Bb2 Qc8 8. Re1 Ne4 9. Nbd2 h5 10.
Nxe4 dxe4 11. Nd2 f5 12. h3 h4 13. hxg4 h3 14. Bh1 Qe6 15. f4 Nd7 16. Kf2 O-O-O 17.
Qc1 Nf6 18. g5 Ng4+ 19. Kf1 h2 20. Kg2 Rh7 21. e3 Rdh8 22. Nf1 Rh3 23. Qd2 Qd5 24. c4 Qd6 25. Rac1 Kb8 26. Qa5 Qd7 27. Ba3 Bxd4 28. Red1 Rxg3+ 29. Nxg3 Nxe3+ 30. Kf2 Nxc4+ 31. Ke2 Nxa5 32. Bb2 c5 33. b4 Qb5+ 34. Ke1 Qxb4+ 35. Rd2 Bxb2 36.
Rd1 Nc4 0-1

[Event "Live Chess"]
[Site "Chess.com"]
[Date "2024.06.01"]
[Round "-"]
[White "LL220284LL"]
[Black "Tatarinov_Maxim"]
[Result "1/2-1/2"]
[WhiteElo "2575"]
[BlackElo "2281"]
[TimeControl "300"]
[EndTime "9:59:22 PDT"]
[Termination "Game drawn - insufficient material"]

1. Nf3 Nf6 2. b3 g6 3. Bb2 Bg7 4. g3 O-O 5. Bg2 c5 6. O-O Nc6 7. e3 d6 8. d3 Rb8 9. c4 a6 10. Nc3 b5 11. cxb5 axb5 12. Nd2 Bd7 13. Qe2 b4 14.
Nd5 Nxd5 15. Bxg7 Kxg7 16. Bxd5 Na7 17. a4 bxa3 18. Rxa3 Nb5 19. Raa1 Qc7 20. Nc4 Bc6 21. Qb2+ Kg8 22. Bxc6 Qxc6 23. Ra5 Ra8 24. Rfa1 Rxa5 25. Rxa5 Ra8 26. Qa1 Nc7 27. h4 h5 28. Kh2 Qf3 29.
Rxa8+ Qxa8 30. Qxa8+ Nxa8 31. f3 Nc7 32. g4 hxg4 33.
fxg4 Kg7 34. Kg3 f5 35. gxf5 gxf5 36. Nb6 Kg6 37. Nc8 Nd5 38. e4 fxe4 39. dxe4 Nc3 40. Kf4 Kf6 41. Nb6 Ne2+ 42. Ke3 Nc1 43. Nd5+ Kf7 44.
b4 cxb4 45. Nxb4 Nb3 46. Kf4 Nd4 47. Kg5 Nf3+ 48. Kg4 Ne5+ 49. Kf5 Nf3 50. h5 e6+ 51. Kf4 Ne5 52. Na6 Nd7 53. Nc7 Nf6 54. h6 Kg6 55. Nxe6 Nxe4 56. Kxe4 Kxh6 57. Kd5 Kg6 58. Kxd6 1/2-1/2

[Event "Live Chess"]
[Site "Chess.com"]
[Date "2024.06.01"]
[Round "-"]
[White "FlyingChessKestrel13"]
[Black "lyricalschemes"]
[Result "0-1"]
[WhiteElo "2101"]
[BlackElo "2067"]
[TimeControl "300"]
[EndTime "9:59:29 PDT"]
[Termination "lyricalschemes won by resignation"]

1. e4 Nf6 2. e5 Nd5 3. d4 d6 4. c4 Nb6 5. exd6 cxd6 6. Nc3 g6 7. Nf3 Bg7 8. Be2 O-O 9. O-O Nc6 10. b3 Bg4 11. Bb2 Bxf3 12. Bxf3 Nxd4 13. Bxb7 Rb8 14. Bf3 Nxc4 15. bxc4 Rxb2 16. Re1 Nc2 17. Na4 Nxe1 18. Nxb2 Nxf3+ 19. gxf3 Bxb2 20. Rb1 Bg7 21. Qd5 Qc8 22. Qb5 Qf5 23. Qxf5 gxf5 24. Rb7 Rc8 25. Rxe7 Bd4 26. Rd7 Rxc4 27. Rxd6 Bb6 28. Rd5 Rc2 29. a4 Rxf2 0-1

[Event "Live Chess"]
[Site "Chess.com"]
[Date "2024.06.01"]
[Round "-"]
[White "Grace6363"]
[Black "Keithdfg"]
[Result "0-1"]
[WhiteElo "1145"]
[BlackElo "1755"]
[TimeControl "300"]
[EndTime "9:59:55 PDT"]
[Termination "Keithdfg won by resignation"]

1. d4 d6 2. c4 e5 3. dxe5 dxe5 4.
Qxd8+ Kxd8 5. f3 f6 6. e4 Be6 7.
Nc3 c6 8. Be3 Nd7 9. g4 Kc7 10.
O-O-O a5 11. a4 Bb4 12. Nh3 Nc5 13. Bxc5 Bxc5 14. f4 exf4 15. Nxf4 Be3+ 16. Kc2 Bxf4 17. Bg2 Be5 18. Rd2 Ne7 19. h4 Bxg4 20. Rg1 Be6 21.
Bf3 g6 22. h5 g5 23. Ne2 h6 24. Nd4 Bd7 25. Nb3 Rhd8 26. Nc5 b6 27. Nb3 Be6 28.
Rgd1 Rxd2+ 29. Rxd2 Bxc4 30. Nd4 Rd8 31. Kc3 Be6 32.
Be2 c5 33. Kc2 Rxd4 34. Rxd4 Bxd4 0-1

[Event "Live Chess"]
[Site "Chess.com"]
[Date "2024.06.01"]
[Round "-"]
[White "GerardATHart"]
[Black "Berdgross"]
[Result "0-1"]
[WhiteElo "1431"]
[BlackElo "600"]
[TimeControl "300"]
[EndTime "10:00:07 PDT"]
[Termination "Berdgross won by resignation"]

1. e4 d5 2. exd5 e6 3. dxe6 Nc6 4.
Nf3 Bxe6 5. d4 Bb4+ 6. c3 Bd6 7. Bd3 Nf6 8. O-O Bg4 9. Re1+ Ne7 10. Bg5 Bxf3 11.
Qxf3 O-O 12. Bxf6 gxf6 13. Qxf6 Re8 14. Re3 Nd5 15. Rh3 Nxf6 0-1

[Event "Live Chess"]
[Site "Chess.com"]
[Date "2024.06.01"]
[Round "-"]
[White "elephantgerrald"]
[Black "DavrosLight"]
[Result "1-0"]
[WhiteElo "758"]
[BlackElo "767"]
[TimeControl "300"]
[EndTime "10:00:09 PDT"]
[Termination "elephantgerrald won on time"]

1. e4 e5 2. Nf3 Nc6 3. Bb5 Nf6 4. O-O a6 5. Bxc6 bxc6 6. Nc3 d5 7. exd5 cxd5 8. d3 Bb4 9. Bd2 Bxc3 10. Bxc3 d4 11.
Nxd4 exd4 12. Re1+ Be6 13. Bd2 O-O 14. Bg5 Qd6 15.
Bxf6 gxf6 16. c3 dxc3 17. bxc3 Kh8 18. Qh5 Rg8 19. Re2 Bd5 20. g3 Rg5 21. Qh4 Rag8 22. Rb1 Bxa2 23. Rbe1 Be6 24. Qe4 Re5 25. Qf3 Rxe2 26.
Rxe2 Bd5 27. Qf5 Be6 28. Qxf6+ Rg7 29. c4 Qxd3 30. Re3 Qxc4 31. Qd8+ Rg8 32. Qf6+ Rg7 33.
Qe7 1-0

[Event "Live Chess"]
[Site "Chess.com"]
[Date "2024.06.01"]
[Round "-"]
[White "Ginger_GM"]
[Black "AnotherOneBadPlayer"]
[Result "0-1"]
[WhiteElo "2665"]
[BlackElo "2154"]
[TimeControl "300"]
[EndTime "10:00:13 PDT"]
[Termination "AnotherOneBadPlayer won by resignation"]

1. e4 e6 2. Nf3 d5 3. e5 c5 4. b4 b6 5. a3 Qc7 6. c3 c4 7. d4 a5 8. b5 a4 9. Nbd2 Bd7 10. Ng5 Bxb5 11. Qh5 g6 12. Qf3 h6 13. Rb1 Bc6 14. Nh3 b5 15. Nf4 Nd7 16. h4 Bg7 17. Be2 Ne7 18.
Nf1 O-O-O 19. Ne3 Nxe5 20. dxe5 d4 21. Qg4 dxe3 22. Bxe3 Bxe5 23. O-O Nf5 24. Bf3 h5 25. Qh3 Bxf4 26. Bxf4 Qxf4 27. Bxc6 Rd3 28. g3 Nxg3 29. Qg2 Ne2+ 30. Kh1 Qxh4+ 31. Qh2 Rh3 0-1

[Event "Live Chess"]
[Site "Chess.com"]
[Date "2024.06.01"]
[Round "-"]
[White "NAZRIZ1977"]
[Black "MagnersCarlsberg2870"]
[Result "1/2-1/2"]
[WhiteElo "2125"]
[BlackElo "1892"]
[TimeControl "300"]
[EndTime "10:00:14 PDT"]
[Termination "Game drawn by repetition"]

1. d4 Nf6 2. Nc3 d6 3. e4 g6 4.
Nge2 Bg7 5. f3 c6 6. Be3 b5 7. Qd2 Qa5 8. O-O-O Nbd7 9. Bh6 Bxh6 10. Qxh6 b4 11. Nb1 Qxa2 12. g4 a5 13. g5 Nh5 14.
Ng3 Nxg3 15. hxg3 b3 16. cxb3 a4 17. bxa4 Rxa4 18. Qg7 Rf8 19. Rxh7 Rb4 20. Rd2 Ba6 21. Bh3 Bd3 22. Rxd3 Qxb2+ 23. Kd1 Qxb1+ 24. Ke2 Rb2+ 25. Rd2 Rxd2+ 26. Kxd2 Qb2+ 27. Ke3 Qc3+ 28. Ke2 Qc2+ 29. Ke3 Qc3+ 30. Ke2 Qc2+ 31. Ke3 Qc3+ 1/2-1/2

[Event "Live Chess"]
[Site "Chess.com"]
[Date "2024.06.01"]
[Round "-"]
[White "Ksenia_2013"]
[Black "14141409"]
[Result "0-1"]
[WhiteElo "720"]
[BlackElo "2561"]
[TimeControl "300"]
[EndTime "10:00:19 PDT"]
[Termination "14141409 won by checkmate"]

1. e4 e5 2. Nf3 Nc6 3. Bc4 Bc5 4.
O-O Nf6 5. Nc3 O-O 6. d3 h6 7.
Bxh6 gxh6 8. Nh4 d6 9. Nf5 Bxf5 10. exf5 d5 11. Nxd5 Nxd5 12. Bxd5 Qxd5 13. Qg4+ Kh8 14.
f6 Rg8 15. Qh5 Qxg2# 0-1

[Event "Live Chess"]
[Site "Chess.com"]
[Date "2024.06.01"]
[Round "-"]
[White "NottheBishopSacrifice"]
[Black "SvitlanaJ"]
[Result "1-0"]
[WhiteElo "2162"]
[BlackElo "383"]
[TimeControl "300"]
[EndTime "10:00:31 PDT"]
[Termination "NottheBishopSacrifice won by resignation"]

1. g3 d5 2. Bg2 Nf6 3. Nf3 Nc6 4. d4 e5 5. dxe5 Ne4 6. O-O Bc5 7. Nc3 Nxc3 8. bxc3 O-O 9. Bg5 Be7 10. Bxe7 Qxe7 11. Qxd5 Bg4 12. Rab1 Qg5 13. Nxg5 1-0

[Event "Live Chess"]
[Site "Chess.com"]
[Date "2024.06.01"]
[Round "-"]
[White "Pizzaman313"]
[Black "defenderalist"]
[Result "1-0"]
[WhiteElo "1211"]
[BlackElo "1499"]
[TimeControl "300"]
[EndTime "10:00:37 PDT"]
[Termination "Pizzaman313 won by resignation"]

1. e4 c5 2. c3 d6 3. d4 cxd4 4. cxd4 Nf6 5. Nc3 a6 6. Nf3 b5 7. a3 Bb7 8. Bd3 Nbd7 9. O-O g6 10. Re1 Bg7 11. Bf4 Nh5 12. Bg3 Nxg3 13. hxg3 Qb6 14.
d5 Ne5 15. Nxe5 Bxe5 16. Qf3 O-O 17. Rab1 Rac8 18. Ne2 e6 19. dxe6 fxe6 20. Qg4 Qxf2+ 21. Kh1 Qe3 22. Nf4 Bxf4 23. Rxe3 Bxe3 24. Qxe6+ Rf7 25. Rf1 Rf8 26. Rxf7 Rxf7 27. Qxd6 Bf2 28. e5 Bxg3 29. Qd8+ Rf8 30. Qd7 Be4 31. e6 Bxd3 32. Qxd3 Rc8 33. Qxg3 1-0

[Event "Live Chess"]
[Site "Chess.com"]
[Date "2024.06.01"]
[Round "-"]
[White "Bazzza132"]
[Black "hapehansen"]
[Result "0-1"]
[WhiteElo "1672"]
[BlackElo "2246"]
[TimeControl "300"]
[EndTime "10:00:39 PDT"]
[Termination "hapehansen won by resignation"]

1. e4 c6 2. d4 d5 3. Nc3 dxe4 4. Nxe4 Nf6 5. Nxf6+ exf6 6. Nf3 Bd6 7. Bd3 O-O 8. c3 Re8+ 9. Be3 Bg4 10. Qc2 h6 11.
O-O-O Nd7 12. h3 Be6 13. g4 Bd5 14. Nh4 Bxh1 15. Rxh1 c5 16. Nf5 Nf8 17. Qd2 Rxe3 18. Qxe3 cxd4 19. cxd4 Qd7 20. Nxd6 Qxd6 21. Kb1 Rd8 22.
Rd1 Ne6 23. Qe4 g6 24. Qxb7 Qxd4 25. Qb3 Nc5 26. Qc2 Nxd3 27. Rd2 Kg7 28. h4 Rd6 29. h5 g5 30. a3 Qd5 31. Re2 Ne5 32. Kc1 Rc6 0-1

[Event "Live Chess"]
[Site "Chess.com"]
[Date "2024.06.01"]
[Round "-"]
[White "Queensandpawns"]
[Black "E2E4colchester"]
[Result "1-0"]
[WhiteElo "2471"]
[BlackElo "1494"]
[TimeControl "300"]
[EndTime "10:00:42 PDT"]
[Termination "Queensandpawns won by checkmate"]

1. e4 c5 2. d4 cxd4 3. c3 dxc3 4.
Bc4 e6 5. Nxc3 Nc6 6. Nf3 Nf6 7. O-O d5 8. exd5 exd5 9. Nxd5 Nxd5 10. Bxd5 Be6 11.
Re1 Be7 12. Bxe6 Qxd1 13. Bxf7+ Kxf7 14. Rxd1 Rhd8 15. Bf4 Rxd1+ 16. Rxd1 Rd8 17. Rxd8 Bxd8 18. Kf1 Nb4 19. a3 Nc2 20. Bd2 a6 21. Bc3 Na1 22. Nd4 Bb6 23. Ke2 g6 24. Kd3 Kf6 25. Nc2+ Kf5 26. Nxa1 Bxf2 27. Ke2 Bg1 28. h3 Bh2 29. Nc2 h5 30. Kf3 Bc7 31. Ne3+ Kg5 32. Nd5 Bd8 33. g4 h4 34. Bd2# 1-0

[Event "Live Chess"]
[Site "Chess.com"]
[Date "2024.06.01"]
[Round "-"]
[White "13Alexey"]
[Black "Zhevzh1k7"]
[Result "0-1"]
[WhiteElo "738"]
[BlackElo "1072"]
[TimeControl "300"]
[EndTime "10:00:49 PDT"]
[Termination "Zhevzh1k7 won by checkmate"]

1. d4 Nf6 2. Bf4 c6 3. e3 g5 4. Bg3 Qb6 5. Qc1 Bh6 6. Bd3 d5 7. c3 e6 8. Nf3 Bd7 9. Ne5 Ne4 10. b4 Na6 11. O-O Nxg3 12. fxg3 f5 13. g4 Rf8 14. gxf5 exf5 15. Nxd7 Kxd7 16. Bxf5+ Ke7 17. Bxh7 Nc7 18.
Rxf8 Rxf8 19. Qd2 Qb5 20. Bd3 Qb6 21. a4 a6 22. a5 Qa7 23. Qe2 Nb5 24. Qh5 Bg7 25.
Qxg5+ Bf6 26. Qg4 Nxd4 27. exd4 Qb8 28. Nd2 Rg8 29. Qf3 Kd6 30. Qf4+ Ke7 31. Qxb8 Rxb8 32. Re1+ Kd6 33. Nf3 b6 34. Ne5 bxa5 35. bxa5 Rb3 36. Bxa6 Rxc3 37. Bb7 Rc2 38. a6 Rb2 39. Nf7+ Kc7 40.
Re8 Bxd4+ 41. Kf1 Rf2+ 42. Ke1 Rxf7 43. Rc8+ Kd7 44. g4 Bc3+ 45. Ke2 Bd4 46. Bxc6+ Kxc8 47. Bb7+ Kb8 48. Kd3 Ba7 49. h4 Rf4 50. Bxd5 Rxg4 51. h5 Rh4 52. Bf3 Kc7 53. Kc3 Kb6 54. Kd3 Kxa6 55. Kc3 Kb5 56. Kd3 Kc5 57. Ke3 Kc4+ 58. Kd2 Rh2+ 59. Ke1 Bf2+ 60. Kd2 Kd4 61. Kc2 Be3+ 62.
Kb3 Bh6 63. Kb4 Rh3 64. Kb5 Rxf3 65. Kc6 Rf5 66. Kd6 Rxh5 67. Kc6 Ke4 68. Kd6 Re5 69.
Kc6 Bf4 70. Kb6 Rd5 71. Kc6 Ke5 72. Kb6 Kd4 73. Kc6 Rd6+ 74. Kb5 Rd5+ 75. Kc6 Rc5+ 76. Kd7 Kd5 77. Ke7 Rc6 78. Kf7 Re6 79.
Kg7 Ke5 80. Kf7 Rh6 81. Kg7 Ke6 82. Kg8 Kf6 83. Kf8 Rh8# 0-1

[Event "Live Chess"]
[Site "Chess.com"]
[Date "2024.06.01"]
[Round "-"]
[White "ACM42"]
[Black "Tilbs_12"]
[Result "1-0"]
[WhiteElo "2210"]
[BlackElo "1644"]
[TimeControl "300"]
[EndTime "10:00:49 PDT"]
[Termination "ACM42 won by resignation"]

1. e4 c6 2. d4 d5 3. e5 c5 4. c3 Nc6 5. Bb5 cxd4 6. cxd4 e6 7. Nc3 Qb6 8. Nf3 Bb4 9. Bd3 Nxd4 10. Nxd4 Bc5 11.
Nce2 Ne7 12. O-O O-O 13. Bc2 a6 14. a3 Ng6 15. f4 Bd7 16. b4 Be7 17. Be3 Qc7 18.
Rc1 Qb8 19. Ng3 a5 20. Qd2 axb4 21. axb4 Ra2 22. Ra1 Rxa1 23. Rxa1 Qc7 24. b5 Rc8 25. Rc1 Qb8 26. Bxg6 hxg6 27. Nge2 b6 28. g3 Bc5 29. Kf2 Qb7 30. Qd3 Ra8 31. Nb3 Bxe3+ 32. Qxe3 Ra3 33. Ned4 Qa7 34. Rc2 Qa4 35. Qd3 Qb4 36. Qc3 Qxc3 37.
Rxc3 Ra2+ 38. Kg1 Kf8 39. h4 Ke7 40. Nc6+ Ke8 41. Nbd4 f6 42. Rc2 Ra3 43. Kf2 Kf7 44. Nb8 Be8 45. Rc7+ Kf8 46. Rc8 Kf7 47. Rc7+ Kf8 48.
Nxe6+ Kg8 49. Rxg7+ Kh8 50. exf6 Bxb5 51. f7 Ra2+ 1-0

[Event "Live Chess"]
[Site "Chess.com"]
[Date "2024.06.01"]
[Round "-"]
[White "TheSmoulderingMaster"]
[Black "Larchikov"]
[Result "0-1"]
[WhiteElo "1749"]
[BlackElo "2045"]
[TimeControl "300"]
[EndTime "10:00:49 PDT"]
[Termination "Larchikov won by resignation"]

1. e4 c6 2. d4 d5 3. Nc3 dxe4 4.
Nxe4 Bf5 5. Ng3 Bg6 6. Nh3 e6 7.
Nf4 Nf6 8. h4 Bd6 9. h5 Be4 10.
Qe2 Bxf4 11. Bxf4 Qxd4 12. Rd1 Qa4 13. b3 Qa5+ 14. Bd2 Qe5 15. c4 Nbd7 16. Rc1 Bd3 17. Qxe5 Nxe5 18. f4 Bxf1 19. fxe5 Bxg2 20. Rg1 Ng4 21.
Rxg2 Nxe5 22. Bc3 Nd3+ 23. Kd2 Nxc1 24. Kxc1 f6 25. h6 gxh6 26. Nh5 O-O-O 27. Bxf6 Rhg8 28. Rxg8 Rxg8 29. Bg7 e5 30. Bxh6 Rg1+ 31. Kc2 Rh1 32.
Bg7 Rxh5 0-1

[Event "Live Chess"]
[Site "Chess.com"]
[Date "2024.06.01"]
[Round "-"]
[White "grillage"]
[Black "Velocity"]
[Result "1-0"]
[WhiteElo "1889"]
[BlackElo "1714"]
[TimeControl "300"]
[EndTime "10:00:52 PDT"]
[Termination "grillage won by resignation"]

1. d4 Nf6 2. Nf3 g6 3. c4 Bg7 4. g3 d6 5. Bg2 O-O 6. O-O Nbd7 7.
d5 e5 8. dxe6 fxe6 9. Nc3 Rf7 10.
Ng5 Rf8 11. Nxe6 Qe7 12. Nxf8 Bxf8 13. Bg5 Ne5 14. b3 Bg7 15. Nd5 Qe6 16. Bxf6 Bxf6 17. Nxf6+ Qxf6 18. Rc1 Bf5 19. Bxb7 Rf8 20. Bg2 Ng4 21. h3 Ne5 22. Qd2 Kg7 23. Rcd1 Rf7 24. Qd4 Kg8 25. Qxa7 Re7 26. Qa8+ Kg7 27. Qd5 Nf7 28. Qd4 Ne5 29. a4 Kg8 30. f4 Bxh3 31. fxe5 dxe5 32. Rxf6 exd4 33. Bxh3 1-0